 Dungeon Crawl Stone Soup version 0.24-a0-169-g71aafec (webtiles) character file.

Game seed: 1860284411913524527

37 emperorscorpion the Poker (level 3, -4/45 HPs)
             Began as a Merfolk Berserker on Mar 7, 2019.
             Was a Follower of Trog.
             Slain by an iguana (8 damage)
             ... on level 5 of the Dungeon.
             The game lasted 00:02:52 (537 turns).

emperorscorpion the Poker (Merfolk Berserker)        Turns: 537, Time: 00:02:53

Health: -4/45      AC:  5    Str: 23    XL:     3   Next: 39%
Magic:  3/3        EV: 12    Int:  6    God:    Trog [*.....]
Gold:   28         SH:  0    Dex: 13    Spells: 2/2 levels left

rFire    . . .     SeeInvis .   a - +0 spear
rCold    . . .     Gourm    .   (no shield)
rNeg     . . .     Faith    .   h - +0 ring mail
rPois    .         Spirit   .   (no helmet)
rElec    .         Reflect  .   (no cloak)
rCorr    .         Harm     +   (no gloves)
MR       .....                  (no boots)
Stlth    ..........             i - amulet of harm
HPRegen  0.15/turn              (no ring)
MPRegen  0.08/turn              (no ring)

@: berserking, very quick
A: change form in water, swift swim, stealthy swim
a: Berserk, Renounce Religion


You were on level 5 of the Dungeon.
You worshipped Trog.
Trog was aware of your devotion.
You were hungry.

You visited 1 branch of the dungeon, and saw 5 of its levels.

You collected 28 gold pieces.

Inventory:

Hand Weapons
 a - a +0 spear (weapon)
Missiles
 l - 4 tomahawks (quivered)
Armour
 b - a +0 animal skin
 h - a +0 ring mail (worn)
Jewellery
 i - an amulet of harm (around neck)
Scrolls
 d - 2 scrolls of identify {unknown}
 e - a scroll of remove curse {unknown}
 g - 2 scrolls of teleportation {unknown}
Potions
 j - a potion of brilliance {unknown}
 k - 2 potions of degeneration {unknown}
Comestibles
 c - 2 rations
 f - 2 chunks of flesh


   Skills:
 + Level 4.0 Fighting
 + Level 5.2 Polearms
 + Level 1.4 Armour
 + Level 3.1 Dodging


You had 2 spell levels left.
You didn't know any spells.
Your spell library was empty.

Dungeon Overview and Level Annotations

Branches:
Dungeon (5/15)
 Temple: D:4-7

Altars:


Message History

Press: ? - help, Dir - move target cursor, f - bat
Aim: a bat (heavily wounded, softly glowing)
You reach to attack!
You hit the bat.
You kill the bat!
Trog accepts your kill.
You hit the iguana but do no damage. The iguana bites you!
You closely miss the iguana. The iguana bites you.
You barely miss the iguana. The iguana closely misses you.
You closely miss the iguana. The iguana bites you.
A red film seems to cover your vision as you go berserk!
You feel yourself moving faster!
You feel mighty!
You are feeling hungry.
The iguana bites you!
* * * LOW HITPOINT WARNING * * *
You puncture the iguana!
The iguana is almost dead.
You hit the iguana.
The iguana is almost dead.
The iguana bites you!
You die...

. .. .#. .#.
.. #.### †..#
#..#
#.####..###.#
#"..l@<.....#
######..#####
#..# ...#
##.# .# .# .#


You could see an iguana.

Vanquished Creatures
  An adder (D:2)
  A leopard gecko (D:2)
  2 orcs (D:4)
  6 bats
  A giant cockroach (D:2)
  3 goblins (D:2)
  A hobgoblin (D:3)
  4 jackals
  2 frilled lizards
  A kobold (D:2)
22 creatures vanquished.

Notes
Turn   | Place    | Note
-------+----------+-------------------------------------------
     0 | D:1      | emperorscorpion the Merfolk Berserker began the quest for
                  | the Orb.
     0 | D:1      | Reached XP level 1. HP: 18/18 MP: 1/1
   114 | D:2      | Reached XP level 2. HP: 24/24 MP: 2/2
   162 | D:2      | Found a faded altar of an unknown god.
   227 | D:2      | Reached XP level 3. HP: 30/30 MP: 3/3
   260 | D:2      | Reached skill level 5 in Polearms
   526 | D:5      | Entered Level 5 of the Dungeon
   537 | D:5      | Slain by an iguana

Levels and vault maps discovered:
D:1:      minmay_arrival_semitransparent, layout_basic
D:2:      layout_loops_ring, chequers_ecumenical_altar_island,
          nicolae_tso_swordbearing_angel
D:3:      layout_basic, nicolae_overflow_crystal_walls
D:4:      layout_loops_cross, nicolae_ru_great_annihilating_truth
D:5:      layout_loops_ring, first_ration

Skill      XL: |  1  2  3 |
---------------+----------+-----
Dodging        | 3 |  3.1
Polearms       | 5 |  5.2
Fighting       | 4 |  4.0
Armour         | |  1.4

Action                   || total
-------------------------++-------
Melee: Spear             ||    65
Invok: Berserk           ||     3
  Eat: Chunk             ||     1
Armor: Animal skin       ||    10
       Ring mail         ||     4
Dodge: Dodged            ||    33

Table legend:
 A = Non-vault XP
 B = Vault XP
 C = Vault XP percentage of total XP
 D = Non-vault monster count
 E = Vault monster count
 F = Vault count percentage of total count
                 A         B        C        D         E       F
            +---------+---------+-------+---------+---------+-------
      Total |      51 |       2 |   3.8 |      21 |       1 |   4.5
            +---------+---------+-------+---------+---------+-------
        D:2 |      36 |       0 |   0.0 |      14 |       0 |   0.0
        D:3 |       8 |       0 |   0.0 |       4 |       0 |   0.0
        D:4 |       7 |       0 |   0.0 |       3 |       0 |   0.0
        D:5 |       0 |       2 | 100.0 |       0 |       1 | 100.0
            +---------+---------+-------+---------+---------+-------
